 Dungeon Crawl Stone Soup version 0.27.1-35-g4d5d836560 (console) character file.

Game seed: 16173146305410530495

20115 grimtooth the Tainter (level 13, -1/151 HPs)
             Began as a Formicid Venom Mage on Nov 30, 2022.
             Was a Priest of Uskayaw.
             Killed from afar by a hell hound (16 damage)
             ... with a blast of flame
             ... in a volcano.
             The game lasted 01:47:52 (18036 turns).

grimtooth the Tainter (Formicid Venom Mage)        Turns: 18036, Time: 01:47:52

Health: -1/151     AC: 26    Str: 22    XL:     13   Next: 9%
Magic:  19/20      EV:  2    Int: 17    God:    Uskayaw [***...]
Gold:   517        SH:  5    Dex: 11    Spells: 10/20 levels left

rFire    . . .     SeeInvis .   a - +2 dire flail (freeze)
rCold    . . .     Faith    +   u - +0 buckler
rNeg     + + +     Spirit   .   (armour currently unavailable)
rPois    +         Reflect  .   (helmet unavailable)
rElec    .         Harm     .   (cloak currently unavailable)
rCorr    .         Rampage  .   (gloves currently unavailable)
Will     +....                  (boots currently unavailable)
Stlth    +++++.....             y - amulet of faith
HPRegen  0.35/turn              L - +4 ring of evasion
MPRegen  0.17/turn              M - +6 ring of strength

@: tree-form
A: stationary, stasis, torment immunity, boosted hp, permanent stasis, dig
shafts and tunnels, (antennae 3), four strong arms
a: Renounce Religion, Stomp, Line Pass


You were in a volcano.
You worshipped Uskayaw.
Uskayaw was aware of your devotion.
You were a tree.
You visited 2 branches of the dungeon, and saw 11 of its levels.
You also visited: Ossuary and Volcano.

You collected 517 gold pieces.

Inventory:

Hand Weapons
 a - a +2 dire flail of freezing (weapon)
 b - a +0 hunting sling
 v - a +2 dagger of venom
Missiles
 f - 155 sling bullets
 D - 3 throwing nets {=f}
 F - 30 poisoned darts (quivered)
 O - 2 curare-tipped darts
Armour
 t - a +0 cloak
 u - a +0 buckler (worn)
 x - a +2 pair of boots (melded)
 P - +0 steam dragon scales (melded)
 W - a scarf of resistance (melded)
Jewellery
 y - an amulet of faith (around neck)
 L - a +4 ring of evasion (left branch)
 M - a +6 ring of strength (right branch)
 N - an amulet of regeneration
 R - a ring of positive energy
Wands
 d - a wand of acid (5)
 g - a wand of mindburst (9)
 m - a wand of flame (20)
 p - a wand of digging (2)
 E - a wand of polymorph (10)
Scrolls
 c - 5 scrolls of fear
 I - 3 scrolls of fog
Potions
 i - a potion of curing {unknown}
 l - 2 potions of resistance
 n - 3 potions of magic
 o - 2 potions of attraction {unknown}
 A - a potion of haste {unknown}
 B - 2 potions of ambrosia {unknown}
 C - a potion of brilliance {unknown}
 G - 2 potions of mutation {unknown}
 T - a potion of cancellation {unknown}
 Y - a potion of berserk rage {unknown}


   Skills:
 - Level 9.0 Fighting
 - Level 6.0 Maces & Flails
 - Level 6.0 Armour
 - Level 1.7 Dodging
 + Level 11.6 Stealth
 - Level 6.0 Shields
 - Level 4.0 Spellcasting
 - Level 4.0 Conjurations
 - Level 1.2 Transmutations
 - Level 4.0 Air Magic
 - Level 12.0 Poison Magic
 + Level 9.3 Invocations


You had 10 spell levels left.
You knew the following spells:

 Your Spells              Type           Power      Damage    Failure   Level
a - Sting                 Tmut/Pois      100%       1d8       1%          1
b - Poisonous Vapours     Pois/Air       60%        N/A       1%          2
c - Mephitic Cloud        Conj/Pois/Air  26%        N/A       3%          3
t - Olgreb's Toxic Radia  Pois           44%        N/A       1%          4

Your spell library contained the following spells:

 Spells                   Type           Power      Damage    Failure   Level
 Wereblood                Tmut           7%         N/A       14%         2
 Sublimation of Blood     Necr           1%         N/A       24%         2
 Gell's Gravitas          Tloc           1%         N/A       43%         3
 Ozocubu's Armour         Ice            3%         N/A       43%         3
 Teleport Other           Tloc           3%         N/A       43%         3
 Metabolic Englaciation   Hex/Ice        1%         N/A       99%         5
 Conjure Ball Lightning   Conj/Air       8%         3x3d6     99%         6
 Dispersal                Tloc           1%         N/A       100%        6
 Simulacrum               Ice/Necr       1%         N/A       100%        6
 Summon Hydra             Summ           1%         N/A       100%        7
 Discord                  Hex            1%         N/A       100%        8
 Disjunction              Tloc           1%         N/A       100%        8


Dungeon Overview and Level Annotations

Branches:
Dungeon (10/15)            Temple (0/1) D:5            Lair (1/6) D:9
    Orc (0/2) D:10        Ossuary (visited)         Volcano (1/1)

Altars:
Dithmenos
Fedhas
Gozag
Kikubaaqudgha
Makhleb
Okawaru
Qazlal
Ru
Sif Muna
Uskayaw
Wu Jian
Xom
Zin
The Shining One

Shops:
D:7 (

Annotations:
D:8 Psyche


Innate Abilities, Weirdness & Mutations

You are a tree.
Your roots penetrate the ground, keeping you stationary.
You cannot be teleported.
You are immune to unholy pain and torment.
Your maximum health is greatly increased.
Your equipment is partially melded.
You cannot be hasted, slowed, berserked, paralysed or teleported.
You can dig through walls and to a lower floor.
((You have a pair of large antennae on your head. (SInv)))
Your four strong arms can wield two-handed weapons with a shield.


Message History

* * * LOW HITPOINT WARNING * * *
The lindwurm closely misses you. The lindwurm claws you.
* * * LOW HITPOINT WARNING * * *
Uskayaw will force your foes to helplessly watch your dance.
Uskayaw prepares the audience for your solo!
The helpless lindwurm fails to defend itself.
You bludgeon the lindwurm!! You freeze the lindwurm.
You kill the lindwurm!
You don't have any such object.
Evoke which item? (* to show all) (? for menu, Esc to quit)
Aiming: Mindburst
Press: ? - help, Shift-Dir - straight line, f - hell hound
Aim: a hell hound (chance to affect: 65%)
The hell hound struggles to resist.
The hell hound bites you but does no damage.
The hell hound closely misses you.
Aiming: Polymorph
Press: ? - help, Shift-Dir - straight line, f/p - hell hound
Aim: a hell hound (will become a hell rat, a tormentor, or a lemure, chance to affect: 46%)
Okay, then.
Really quaff the potion of lignification?
You turn into a tree.
Your scarf of resistance melds into your body.
Your +2 pair of boots melds into your body.
Your +0 steam dragon scales melds into your body.
You feel hot and cold all over.
Your roots penetrate the ground.
The hell hound bites you but does no damage.
You miss the hell hound. The hell hound breathes flames at you.
The blast of flame hits you!
* * * LOW HITPOINT WARNING * * *
The hell hound bites you but does no damage.
You puncture the hell hound! You freeze the hell hound!
The hell hound is severely wounded.
The hell hound bites you but does no damage.
You closely miss the hell hound.
The hell hound is severely wounded.
The hell hound breathes flames at you. The blast of flame hits you!
You die...

### ########
....#...#..###
.............##
#..≈h......##
#...{##..#.#♣......##
..........###.......#
#.3#...#. #.......#
#....(.# #.......#
#.....# ####......##
#.....###.#......##
#.....###†......#
#.....##.......#
##..{h.†......##
##.....#.......#
#≈.....≈.......#


You could see a hell hound (catching breath).

Vanquished Creatures
  2 two-headed ogres (D:9)
  6 death yaks (D:9)
  Nergalle (Lair:1)
  A mana viper (shapeshifter) (D:10)
  2 lindwurms (Volcano)
  A black mamba (Lair:1)
  A smoke demon (Volcano)
  A cane toad (Lair:1)
  An unseen horror (D:10)
  2 komodo dragons (Lair:1)
  2 trolls (D:10)
  2 hornets
  15 yaks
  3 basilisks
  Eustachio (D:6)
  3 fire bats (Lair:1)
  A wyvern (Lair:1)
  11 steam dragons
  Grum (D:8)
  Menkaure (D:6)
  2 water moccasins
  3 hell hounds (Volcano)
  2 black bears (D:5)
  A sky beast (D:7)
  A necrophage (D:6)
  5 orc warriors
  3 wolves (D:8)
  3 ogres
  2 centaurs
  A phantom (D:4)
  2 elf zombies (Ossuary)
  3 bullfrogs
  3 kobold brigands
  2 scorpions
  5 wights
  4 howler monkeys
  12 centaur zombies
  3 bullfrog zombies (D:5)
  A bullfrog skeleton (D:6)
  3 hounds
  A human zombie (Ossuary)
  7 orc priests
  4 jellies
  3 iguanas
  Ijyb (D:3)
  Natasha (thrice) (D:3)
  9 orc wizards
  A killer bee zombie (D:6)
  4 hound zombies (Ossuary)
  3 mummies (Ossuary)
  3 howler monkey zombies
  7 gnolls (D:5)
  10 adders
  A shadow imp (D:8)
  A white imp (D:7)
  An ufetubus (D:4)
  2 worms (D:2)
  3 dart slugs
  27 orcs
  9 ball pythons
  4 bats
  4 endoplasms
  A giant cockroach (D:1)
  7 goblins
  4 hobgoblins
  4 jackals (D:1)
  A quokka (D:2)
  2 frilled lizards
  2 goblin zombies (Ossuary)
  4 hobgoblin zombies (Ossuary)
  3 jackal zombies (Ossuary)
  19 kobolds
  A kobold zombie (Ossuary)
  2 orc zombies (Ossuary)
  8 quokka zombies (Ossuary)
  6 rats
  3 rat zombies (Ossuary)
294 creatures vanquished.

Vanquished Creatures (others)
  A two-headed ogre (D:10)
  11 fungi
  15 plants
27 creatures vanquished.

Grand Total: 321 creatures vanquished

Notes
Turn   | Place    | Note
-------+----------+-------------------------------------------
     0 | D:1      | grimtooth the Formicid Venom Mage began the quest for the
                  | Orb.
     0 | D:1      | Reached XP level 1. HP: 13/13 MP: 3/3
   151 | D:1      | Reached XP level 2. HP: 16/19 MP: 1/5
   344 | D:1      | Found a faded altar of an unknown god.
   551 | D:1      | Reached XP level 3. HP: 24/24 MP: 2/6
   606 | D:1      | Reached skill level 5 in Poison Magic
  1327 | D:2      | Reached XP level 4. HP: 30/30 MP: 3/7
  1622 | D:2      | Reached skill level 6 in Poison Magic
  1802 | D:3      | Learned a level 2 spell: Poisonous Vapours
  1830 | D:3      | Reached XP level 5. HP: 27/35 MP: 2/8
  1909 | D:3      | Noticed Ijyb
  2130 | D:3      | Found a hide-covered altar of Uskayaw.
  2166 | D:3      | Found an ancient bone altar of Kikubaaqudgha.
  2167 | D:3      | Noticed Natasha
  2222 | D:3      | Killed Natasha
  2413 | D:3      | Noticed Natasha
  2419 | D:3      | Killed Natasha
  2420 | D:3      | Reached skill level 7 in Poison Magic
  2420 | D:3      | Reached XP level 6. HP: 8/41 MP: 4/9
  2573 | D:3      | Killed Ijyb
  2818 | D:3      | Noticed Natasha
  2906 | D:3      | Killed Natasha
  2907 | D:3      | Reached skill level 5 in Stealth
  3439 | D:3      | Became a worshipper of Uskayaw the Reveller
  3485 | D:4      | Reached * piety under Uskayaw
  3580 | D:4      | Found a shadowy altar of Dithmenos.
  4042 | D:5      | Entered Level 5 of the Dungeon
  4130 | D:5      | Noticed an ogre
  4193 | D:5      | Reached skill level 8 in Poison Magic
  4237 | D:5      | Found a sand-covered staircase.
  4401 | Ossuary  | Entered an ossuary
  4433 | Ossuary  | Reached ** piety under Uskayaw
  4520 | Ossuary  | Reached XP level 7. HP: 21/46 MP: 10/10
  4948 | Ossuary  | Reached skill level 1 in Shields
  5877 | Ossuary  | Reached skill level 9 in Poison Magic
  6474 | Ossuary  | Reached XP level 8. HP: 14/52 MP: 11/11
  6740 | D:5      | Found a staircase to the Ecumenical Temple.
  7015 | D:5      | Learned a level 4 spell: Olgreb's Toxic Radiance
  7136 | D:5      | Reached skill level 10 in Poison Magic
  7684 | D:5      | Reached *** piety under Uskayaw
  7685 | D:5      | Reached **** piety under Uskayaw
  7686 | D:5      | Reached skill level 11 in Poison Magic
  7689 | D:5      | Reached ***** piety under Uskayaw
  7799 | D:5      | Learned a level 3 spell: Mephitic Cloud
  7866 | D:5      | Reached skill level 1 in Fighting
  7866 | D:5      | Reached skill level 12 in Poison Magic
  7866 | D:5      | Reached skill level 1 in Invocations
  7866 | D:5      | Reached XP level 9. HP: 56/59 MP: 4/12
  8476 | D:6      | Found a glowing silver altar of Zin.
  8808 | D:6      | Found a sacrificial altar of Ru.
  9177 | D:6      | Noticed Menkaure
  9480 | D:6      | Found a burning altar of Makhleb.
  9670 | D:6      | Noticed Eustachio
  9982 | D:6      | Reached skill level 5 in Invocations
 10405 | D:7      | Reached skill level 5 in Fighting
 10556 | D:7      | Found an opulent altar of Gozag.
 10615 | D:7      | Found a glowing golden altar of the Shining One.
 10615 | D:7      | Found a shimmering altar of Xom.
 10749 | D:7      | Found a shimmering blue altar of Sif Muna.
 10846 | D:7      | Found Baeledut's Antique Weapon Shoppe.
 10867 | D:6      | Killed Eustachio
 11052 | D:8      | Noticed Psyche
 11303 | D:8      | Reached XP level 10. HP: 60/76 MP: 1/14
 11335 | D:7      | Reached skill level 1 in Conjurations
 11478 | D:7      | Reached skill level 1 in Air Magic
 12155 | D:8      | Noticed Grum
 12160 | D:8      | Killed Grum
 12815 | D:8      | Found an ornate altar of the Wu Jian Council.
 13520 | D:6      | Killed Menkaure
 13863 | D:9      | Noticed a two-headed ogre
 14030 | D:9      | Noticed a two-headed ogre
 14075 | D:9      | Killed a two-headed ogre
 14295 | D:9      | Noticed a death yak
 14681 | D:9      | Found a blossoming altar of Fedhas.
 14701 | D:9      | Reached XP level 11. HP: 81/81 MP: 17/17
 14759 | D:9      | Killed a two-headed ogre
 14760 | D:9      | Reached skill level 5 in Armour
 14760 | D:9      | Reached skill level 5 in Shields
 15033 | D:9      | Found an iron altar of Okawaru.
 15379 | D:9      | Noticed a death yak
 15540 | D:10     | Entered Level 10 of the Dungeon
 15557 | D:10     | Found a staircase to the Orcish Mines.
 15886 | D:10     | Found a stormy altar of Qazlal.
 15951 | D:10     | Killed a two-headed ogre
 16486 | D:10     | Noticed an orb spider
 16488 | D:10     | an orb spider changed into a wind drake
 16516 | D:10     | Noticed a mana viper
 16516 | D:10     | a tarantella changed into a mana viper
 16524 | D:10     | Killed a mana viper
 16884 | D:10     | Noticed a deep troll
 16974 | D:9      | Noticed a death yak
 16995 | D:9      | Killed a death yak
 17016 | D:9      | Noticed a death yak
 17017 | D:9      | Noticed a death yak
 17081 | D:9      | Found a staircase to the Lair.
 17082 | D:9      | Noticed a death yak
 17093 | D:9      | Killed a death yak
 17098 | D:9      | Killed a death yak
 17098 | D:9      | Killed a death yak
 17099 | D:9      | Reached skill level 1 in Maces & Flails
 17099 | D:9      | Reached XP level 12. HP: 95/95 MP: 3/18
 17105 | D:9      | Killed a death yak
 17124 | D:9      | Killed a death yak
 17305 | Lair:1   | Entered Level 1 of the Lair of Beasts
 17306 | Lair:1   | - dang
 17322 | Lair:1   | Reached ****** piety under Uskayaw
 17328 | Lair:1   | Reached skill level 5 in Maces & Flails
 17384 | Lair:1   | Noticed Nergalle
 17399 | Lair:1   | Killed Nergalle
 17419 | Lair:1   | Reached skill level 10 in Stealth
 17434 | Lair:1   | Found a dark tunnel.
 17552 | Volcano  | Entered a volcano
 17762 | Volcano  | Reached XP level 13. HP: 56/101 MP: 19/19
 18036 | Volcano  | Killed from afar by a hell hound

Illustrated notes

##YY. ### .l...
## PP## .#....
.#..... ......
.#.....
....(.##Y....
......S....
.........#{
.......@.# {
###...Y..P...l.
#.(..YY...Y..
......##.#Y.#..
...... #....Y.
.....# {.....^
....# {.. ###
#... ###


Turn 17306 on Lair:1: - dang

Levels and vault maps discovered:
D:1:      nzn_arrival_water_spiral, layout_basic,
          dreamdust_ecumenical_altar_angels_and_demons
D:2:      layout_loops_cross, minmay_tetromino_i2
D:3:      layout_rooms, mainiacjoe_overflow_catwalk,
          mainiacjoe_overflow_concentric_impassable, st_stairs_8, uniq_ijyb,
          uniq_natasha
D:4:      layout_rooms, nicolae_overflow_crystal_walls, guppyfry_early_lair_pool
D:5:      layout_loops_ring, minmay_temple_entry_mist,
          chequers_ossuary_entry_cave, minmay_divided_ellipse
D:6:      layout_cave_pods, old_standard_altar,
          mainiacjoe_overflow_small_starburst,
          mainiacjoe_overflow_six_doors_small, minmay_misc_feat_hallway,
          uniq_eustachio, uniq_menkaure
D:7:      layout_basic, tgw_sif, mainiacjoe_overflow_alcove_4,
          chequers_temple_overflow_statue_of_worship, serial_shops,
          nicolae_stop_n_shop_2
D:8:      layout_cave_pools, mainiacjoe_overflow_chevrons, uniq_grum,
          uniq_psyche
D:9:      layout_small_grid, okawaru_metal_pillars_1_2, fedhas_altar_3,
          dpeg_lair_monsters
D:10:     minmay_the_grid_octo_tiled_octocenter
          [minmay_the_grid_octo_checkerflower, minmay_the_grid_octo_teeth,
          minmay_the_grid_octo_77, minmay_the_grid_octo_empty,
          minmay_the_grid_octo_prize_square_snowflake,
          minmay_the_grid_square_5x5_inner_i, minmay_the_grid_square_5x5_v,
          minmay_the_grid_square_5x5_minimal, minmay_the_grid_square_5x5_seven],
          layout_loops_ring, nicolae_qazlal_eye_of_the_storm
Lair:1:   layout_misc_corridors, nicolae_volcano_entry_batcave,
          small_statue_intersection, cheibrodos_lair_lostbears, uniq_nergalle
Volcano:  hellmonk_smoking_crater

Skill      XL: |  1  2  3  4  5  6  7  8  9 10 11 12 |
---------------+-------------------------------------+-----
Stealth        | 3 4 5 6 11 | 11.6
Poison Magic   | 5 6 7 8 9 12 | 12.0
Shields        | 2 3 4 6 |  6.0
Fighting       | 1 6 9 |  9.0
Invocations    | 1 6 9 |  9.3
Spellcasting   | 4 |  4.0
Conjurations   | 4 |  4.0
Air Magic      | 4 |  4.0
Armour         | 4 6 |  6.0
Maces & Flails | 1 6 |  6.0
Dodging        | |  1.7
Transmutations | |  1.2

Action                   |  1- 3 |  4- 6 |  7- 9 | 10-12 | 13-15 || total
-------------------------+-------+-------+-------+-------+-------++-------
Melee: Unarmed           |     5 |       |       |       |       ||     5
       Dagger            |     1 |    69 |   394 |     6 |       ||   470
       Flail             |       |       |    11 |    35 |       ||    46
       Dire flail        |       |       |       |   294 |    29 ||   323
 Fire: Hunting sling     |       |    46 |   153 |    40 |       ||   239
Throw: Stone             |       |     9 |     1 |       |       ||    10
       Dart              |       |       |    13 |    22 |     2 ||    37
 Cast: Sting             |    60 |    74 |    46 |    18 |       ||   198
       Poisonous Vapours |       |    14 |    18 |    17 |       ||    49
       Olgreb's Toxic Ra |       |       |    17 |    29 |     1 ||    47
       Mephitic Cloud    |       |       |     5 |     8 |       ||    13
Invok: Stomp             |       |       |     4 |     8 |       ||    12
       Line Pass         |       |       |     1 |     1 |       ||     2
 Abil: Dig               |       |     3 |     2 |    19 |     2 ||    26
Evoke: Wand              |       |       |       |     7 |     1 ||     8
  Use: Potion            |       |     1 |     1 |     5 |     1 ||     8
       Scroll            |       |       |       |     5 |       ||     5
 Stab: Sleeping          |       |       |     4 |     2 |       ||     6
       Paralysed         |       |       |     3 |    19 |     3 ||    25
       Confused          |       |       |     4 |     6 |       ||    10
       Distracted        |       |       |       |     1 |       ||     1
Armor: Robe              |     6 |    18 |   117 |    13 |       ||   154
       Leather armour    |       |       |       |     7 |       ||     7
       Steam dragon scal |       |       |       |    75 |     9 ||    84
       Skin              |       |       |       |       |     3 ||     3
Dodge: Dodged            |    28 |    48 |   288 |   246 |    19 ||   629
Block: Buckler           |       |       |    28 |    81 |     8 ||   117
